 Dungeon Crawl Stone Soup version 0.30-a0-1160-g6e42c06551 (webtiles) character file.

Game seed: 12001086747247788468

291 porpoise the Sneak (level 6, -3/32 HPs)
             Began as a Vine Stalker Brigand on Apr 26, 2023.
             Killed from afar by a steam dragon (19 damage)
             ... with a ball of steam
             ... on level 3 of the Dungeon.
             The game lasted 00:16:38 (3058 turns).

porpoise the Sneak (Vine Stalker Brigand)           Turns: 3058, Time: 00:16:39

Health: -3/32      AC:  5    Str: 13    XL:     6   Next: 32%
Magic:  0/7        EV: 11    Int: 11    God:
Gold:   336        SH:  0    Dex: 18    Spells: 5/5 levels left

rFire   . . .        w - +7 Throatcutter {drain, coup de grace}
rCold   . . .        (no shield)
rNeg    . . .        g - +0 robe
rPois   .            (no helmet)
rElec   .            c - +0 cloak
rCorr   .            i - +1 pair of gloves
SInv    .            (no boots)
Will    .....        (no amulet)
Stlth   +++          (no ring)
HPRegen 1.05/turn    (no ring)
MPRegen 0.10/turn

%: guardian spirit
@: no status effects
A: fangs 2, regeneration 1, magic shield, antimagic bite, no potion heal 2
a: no special abilities


You were on level 3 of the Dungeon.
You visited 1 branch of the dungeon, and saw 3 of its levels.
You also visited: Sewer.

You collected 336 gold pieces.

Inventory:

Hand Weapons
 a - a +3 dagger
 b - a +0 sling
 k - a +2 short sword of freezing
 w - the +7 Throatcutter (weapon) {drain, coup de grace}
   (You took it off Terence on level 3 of the Dungeon)
Missiles
 d - 12 poisoned darts (quivered)
 e - 5 curare-tipped darts
 h - 4 javelins
Armour
 c - a +0 cloak (worn)
 g - a +0 robe (worn)
 i - a +1 pair of gloves (worn)
Wands
 f - a wand of polymorph (9)
 n - a wand of flame (3)
Scrolls
 l - a scroll of immolation
 m - 2 scrolls of identify
 q - 3 scrolls of teleportation
Potions
 j - 3 potions of ambrosia
 o - 4 potions of flight
 p - a potion of curing


   Skills:
 + Level 3.5 Fighting
 * Level 4.8 Short Blades
 - Level 1.7 Throwing
 - Level 0.7 Dodging
 + Level 5.0 Stealth


You had 5 spell levels left.
You didn't know any spells.
Your spell library was empty.

Dungeon Overview and Level Annotations

Branches:
Dungeon (3/15)              Sewer (visited)

Altars:
Elyvilon
Fedhas


Innate Abilities, Weirdness & Mutations

You have extremely sharp teeth.
Your natural rate of healing is unusually fast.
When hurt, damage is shared between your health and your magic reserves.
Your bite disrupts and absorbs the magic of your enemies.
Potions cannot restore your health.


Message History

The adder bites you but does no damage.
You miss the adder. You bite the adder. You drain its power.
The adder is severely wounded.
The adder bites you but does no damage. The adder closely misses you.
You closely miss the adder.
The adder is severely wounded.
The adder bites you but does no damage.
You slash the adder!
You kill the adder!
The steam dragon hisses angrily.
The frilled lizard hisses angrily.
The steam dragon breathes steam at you. The ball of steam hits you!
The steam dragon bites you. The steam dragon closely misses you.
You barely miss the steam dragon. The steam dragon bites you.
The steam dragon claws you but does no damage.
You slash the steam dragon!
The steam dragon is moderately wounded.
The steam dragon bites you but does no damage.
The steam dragon claws you.
Hit: w) +7 Throatcutter {drain, coup de grace}
Press: ? - help, Dir - move target, f - steam dragon
Aim: a steam dragon (moderately wounded, about 31% to evade the +7 Throatcutter)
Okay, then.
Unknown command.
Unknown command.
You hit the steam dragon.
You bite the steam dragon, but do no damage.
The steam dragon is heavily wounded.
The steam dragon closely misses you. The steam dragon misses you.
You barely miss the steam dragon.
The steam dragon is heavily wounded.
The steam dragon breathes steam at you. The ball of steam misses you.
The steam dragon barely misses you. The steam dragon claws you.
You hit the steam dragon. You drain the steam dragon.
The steam dragon is severely wounded.
The steam dragon breathes steam at you. The ball of steam hits you!!
Ouch! That really hurt!
You die...

.#####. #......##... ###
#...$..<# ... ###..
#..#.#.## ... ### #...# #.
.... .. #.### .. ...##.# #.#
.## .... ###.# .. #§####
#...# .# #.##@§..#
#####...### #.
.....lD....###.......'..
.....######....###...##.
#### #....# ######.
########## #....# #.
#........# #....# #.
#........#####..#########<
#................##.......
###................##......#


You could see a steam dragon (catching breath, drained) and a frilled lizard.

Vanquished Creatures
  Ijyb (D:3)
  Terence (D:3)
  A sickly merfolk siren (Sewer)
  A malarious merfolk avatar (Sewer)
  7 adders
  2 gnolls (D:1)
  2 river rats
  2 worms
  A dart slug (D:1)
  3 orcs (D:2)
  4 endoplasms
  2 giant cockroaches
  4 hobgoblins
  2 kobolds
  7 quokkas
  11 ball pythons
  5 bats
  3 frilled lizards
  8 goblins
  29 rats
96 creatures vanquished.

Vanquished Creatures (others)
  A fungus (D:3)
1 creature vanquished.

Grand Total: 97 creatures vanquished

Notes
Turn   | Place    | Note
-------+----------+-------------------------------------------
     0 | D:1      | porpoise the Vine Stalker Brigand began the quest for the
                  | Orb.
     0 | D:1      | Reached XP level 1. HP: 11/11 MP: 2/2
   185 | D:1      | Reached XP level 2. HP: 6/15 MP: 1/3
   270 | D:1      | You fall into a shaft and drop 1 floor!
   270 | D:2      | Found a faded altar of an unknown god.
   405 | D:1      | Reached XP level 3. HP: 18/18 MP: 4/4
  1254 | D:2      | Gained mutation: Your natural rate of healing is unusually
                  | fast. [Vine Stalker growth]
  1254 | D:2      | Reached XP level 4. HP: 21/23 MP: 5/5
  2121 | D:3      | Found a white marble altar of Elyvilon.
  2135 | D:3      | Noticed Terence
  2143 | D:3      | Identified the +1 hand axe "Olufux" {flame, Drain rC+ rCorr
                  | Str+4}
  2159 | D:3      | Killed Terence
  2200 | D:3      | Noticed Ijyb
  2211 | D:3      | Killed Ijyb
  2212 | D:3      | Reached XP level 5. HP: 24/27 MP: 6/6
  2233 | D:3      | Found a blossoming altar of Fedhas.
  2404 | D:3      | Found a glowing drain.
  2445 | Sewer    | Entered a sewer
  2752 | Sewer    | Reached XP level 6. HP: 32/32 MP: 7/7
  2836 | Sewer    | Reached skill level 5 in Stealth
  3046 | D:3      | Noticed a steam dragon
  3058 | D:3      | Killed from afar by a steam dragon

Illustrated notes

Levels and vault maps discovered:
D:1:      saegor_arrival_simple_b, layout_basic
D:2:      layout_loops_ring, hellmonk_ecumenical_altar_arch_garden,
          guppyfry_early_orc_mine
D:3:      layout_basic, nicolae_overflow_crystal_walls,
          mainiacjoe_overflow_tiny_flanked, portal_sewer_entry_b, serial_rivers,
          chequers_serial_rivers_micro_d, chequers_serial_rivers_micro_a,
          chequers_serial_rivers_micro_d, chequers_serial_rivers_micro_b,
          uniq_ijyb, uniq_terence

Skill      XL: |  1  2  3  4  5  6 |
---------------+-------------------+-----
Short Blades   | 2 3 4 |  4.8
Fighting       | 2 3 |  3.5
Stealth        | 5 |  5.0
Throwing       | |  1.7
Dodging        | |  0.7

Action                     |  1- 3 |  4- 6 || total
---------------------------+-------+-------++-------
  Melee: Dagger            |    80 |    55 ||   135
         Bite              |    13 |    36 ||    49
         Long sword        |       |    66 ||    66
   Fire: Sling             |     1 |       ||     1
  Throw: Dart              |    16 |    22 ||    38
    Use: Scroll            |       |    10 ||    10
         Potion            |       |     2 ||     2
   Stab: Sleeping          |     6 |     8 ||    14
 Armour: Robe              |    10 |    34 ||    44
         Skin              |       |     3 ||     3
  Dodge: Dodged            |    28 |    42 ||    70

Table legend: (Time is in decaauts)
 A = Elapsed time spent in this place.
 B = Non-inter-level travel time spent in this place.
 C = Inter-level travel time spent in this place.
 D = Time resting spent in this place.
 E = Time spent auto-exploring this place.
 F = Levels seen in this place.
 G = Mean time per level.
                   A        B        C        D        E       F      G
               +--------+--------+--------+--------+--------+-----+--------+
         Total |   3100 |   3014 |     86 |    985 |   1035 |   4 |  775.0 |
       Dungeon |   2473 |   2387 |     86 |    738 |   1026 |   3 |  824.3 |
         Sewer |    627 |    627 |      0 |    247 |      9 |   1 |  627.0 |
               +--------+--------+--------+--------+--------+-----+--------+

Top non-repeatable levels by time:
     D:1: 1094 daAuts
     D:2: 917 daAuts
   Sewer: 627 daAuts
     D:3: 460 daAuts
